 Dungeon Crawl Stone Soup version 0.23-a0-296-ga3b1b28ecf (webtiles) character file.

40 Holzbalken the Cudgeler (level 3, 0/27 HPs)
             Began as a Demonspawn Gladiator on Oct 5, 2018.
             Slain by a goblin
             ... wielding a +0 spear
             ... led by Robin
              (4 damage)
             ... on level 3 of the Dungeon.
             The game lasted 00:02:51 (938 turns).

Holzbalken the Cudgeler (Demonspawn Gladiator)       Turns: 938, Time: 00:02:51

Health: 0/27       AC:  9    Str: 15    XL:     3   Next: 30%
Magic:  3/3        EV: 11    Int:  9    God:
Gold:   89         SH:  0    Dex: 14    Spells: 2/2 levels left

rFire    + . .     SeeInvis .   a - +0 flail
rCold    . . .     Gourm    .   (no shield)
rNeg     . . .     Faith    .   i - +0 ring mail {rF+}
rPois    .         Spirit   .   c - +0 helmet
rElec    .         Reflect  .   (no cloak)
rCorr    .         Harm     .   h - +2 pair of gloves
MR       .....                  (no boots)
Stlth    +.........             (no amulet)
HPRegen  0.09/turn              (no ring)
MPRegen  0.08/turn              (no ring)

@: no status effects
A: rot immunity
a: no special abilities


You were on level 3 of the Dungeon.
You were not hungry.

You visited 1 branch of the dungeon, and saw 3 of its levels.

You collected 89 gold pieces.

Inventory:

Hand Weapons
 a - a +0 flail (weapon)
Missiles
 d - 3 throwing nets (quivered)
Armour
 b - a +0 leather armour
 c - a +0 helmet (worn)
 h - a +2 pair of gloves (worn)
 i - a +0 ring mail of fire resistance (worn)
Scrolls
 j - 2 scrolls of random uselessness {unknown}
 k - a scroll of teleportation {unknown}
 l - a scroll of identify {unknown}
Potions
 e - 2 potions of curing {unknown}
 g - a potion of agility {unknown}
Comestibles
 f - 3 rations


   Skills:
 - Level 2.0 Fighting
 + Level 4.0 Maces & Flails
 - Level 1.7 Throwing
 - Level 2.6 Dodging


You had 2 spell levels left.
You didn't know any spells.
Your spell library was empty.

Dungeon Overview and Level Annotations

Branches:
Dungeon (3/15)

Altars:

Annotations:
D:3 Robin


Innate Abilities, Weirdness & Mutations

You are immune to rotting.


Message History

You kill the goblin!
The kobold misses you. The goblin hits you but does no damage.
You miss the goblin. The kobold hits you but does no damage.
The goblin hits you from afar with a spear.
* * * LOW HITPOINT WARNING * * *
The goblin hits you but does no damage. The kobold hits you but does no damage.
You hit the goblin.
The goblin is heavily wounded.
The goblin hits you but does no damage. The goblin completely misses you.
The kobold hits you but does no damage.
You hit the goblin.
You kill the goblin!
The goblin no longer looks unusually strong.
The goblin hits you but does no damage. The kobold closely misses you.
You closely miss the goblin. The goblin hits you but does no damage.
Robin roars a battlecry!
The goblin goes into a battle-frenzy!
The goblin barely misses you. The kobold closely misses you.
The goblin hits you from afar with a spear.
You die... ..# ..## ...# ##... ##... ggg

#g# #@# #K#
#
.######g##.#
.......g...#
..#####(####
#..# #.##
#.# #.#


You could see Robin, 5 goblins and a kobold.

Vanquished Creatures
  A dart slug (D:1)
  A leopard gecko (D:2)
  2 giant cockroaches (D:1)
  4 hobgoblins
  5 bats (D:1)
  3 frilled lizards (D:1)
  12 goblins
  5 kobolds
  3 rats (D:1)
36 creatures vanquished.

Notes
Turn   | Place    | Note
-------+----------+-------------------------------------------
     0 | D:1      | Holzbalken the Demonspawn Gladiator began the quest for the
                  | Orb.
     0 | D:1      | Reached XP level 1. HP: 16/16 MP: 1/1
    88 | D:1      | Reached skill level 3 in Maces & Flails
   188 | D:1      | Gained mutation: You are immune to rotting. [demonic
                  | ancestry]
   188 | D:1      | Reached XP level 2. HP: 18/22 MP: 2/2
   473 | D:1      | Reached XP level 3. HP: 27/27 MP: 3/3
   910 | D:3      | Noticed Robin
   914 | D:3      | Reached skill level 4 in Maces & Flails
   938 | D:3      | Slain by a goblin

Vault maps used:
D:1:      tarquinn_simple_flora_water_c, minmay_tetromino_i4
D:3:      nicolae_overflow_hidden_temple, kennysheep_path_1, uniq_robin

Skill      XL: |  1  2  3 |
---------------+----------+-----
Maces & Flails | 3 4 |  4.0
Fighting       | |  2.0
Throwing       | |  1.7
Dodging        | |  2.6

Action                   || total
-------------------------++-------
Melee: Flail             ||    84
Armor: Leather armour    ||     8
       Ring mail         ||    62
Dodge: Dodged            ||    76

Table legend:
 A = Non-vault XP
 B = Vault XP
 C = Vault XP percentage of total XP
 D = Non-vault monster count
 E = Vault monster count
 F = Vault count percentage of total count
                 A         B        C        D         E       F
            +---------+---------+-------+---------+---------+-------
      Total |      43 |      15 |  25.9 |      27 |       9 |  25.0
            +---------+---------+-------+---------+---------+-------
        D:1 |      37 |       5 |  11.9 |      24 |       3 |  11.1
        D:2 |       3 |       0 |   0.0 |       1 |       0 |   0.0
        D:3 |       3 |      10 |  76.9 |       2 |       6 |  75.0
            +---------+---------+-------+---------+---------+-------
